 Dungeon Crawl Stone Soup version 0.26-a0-966-gd078a86f14 (webtiles) character file.

Game seed: 8503894348992223149

92061 Conn the Covert (level 16, -2/110 HPs)
             Began as an Octopode Fire Elementalist on Dec 3, 2020.
             Was a High Priest of Sif Muna.
             Slain by a bunyip (16 damage)
             ... on level 2 of the Swamp.
             The game lasted 01:44:13 (24943 turns).

Conn the Covert (Octopode Fire Elementalist)       Turns: 24943, Time: 01:44:13

Health: -2/110     AC:  4    Str:  8    XL:     16   Next: 5%
Magic:  10/37      EV: 28    Int: 27    God:    Sif Muna [*****.]
Gold:   1709       SH:  0    Dex: 22    Spells: 2/37 levels left

rFire    . . .     SeeInvis +   a - +10 dagger of Zeissiucw {venom, rElec Dex+2}
rCold    . . .     Faith    .   (no shield)
rNeg     . . .     Spirit   .   m - +2 hat of the Falcon {Rampage rF- Str+2 Dex+2}
rPois    +         Reflect  .   A - amulet of the Lumpy Ziggurats {MR+ Regen+}
rElec    +         Harm     .   h - +4 ring of evasion
rCorr    .         Rampage  +   r - +6 ring of dexterity
MR       ++...                  D - ring of wizardry
Stlth    ++++++++..             w - +4 ring of slaying
HPRegen  0.68/turn              g - ring "Mesuegor" {rElec rPois MP+9 Str-5 Stlth+}
MPRegen  0.25/turn              B - ring "Ojiwylathre" {rC+ Int+6}
                                y - ring of fire
                                M - ring of see invisible

@: no status effects
A: almost no armour, stealthy swim, amphibious, 8 rings, constrict 8, rugged
brown scales 1, camouflage 1, low mp 1, robust 1, gelatinous body 1
a: Channel Magic, Forget Spell, Divine Exegesis, Renounce Religion


You were on level 2 of the Swamp.
You worshipped Sif Muna.
Sif Muna was extremely pleased with you.
You visited 4 branches of the dungeon, and saw 20 of its levels.
You also visited: Sewer, Ossuary, Gauntlet and Volcano.

You collected 1806 gold pieces.
You spent 97 gold pieces at shops.

Inventory:

Hand Weapons
 a - the +10 dagger of Zeissiucw (weapon) {venom, rElec Dex+2}
   (You found it on level 5 of the Lair of Beasts)

   It poisons the flesh of those it strikes.
   It affects your dexterity (+2).
   It insulates you from electricity.
 C - the +5 lajatang of Terra Nullius {speed, +Rage rC- Int+3 Dex+3}
   (You found it in a Gauntlet)

   Attacks with this weapon are significantly faster.
   It affects your intelligence (+3).
   It affects your dexterity (+3).
   It makes you vulnerable to cold.
   It lets you go berserk.
 Y - a +5 short sword of protection
Missiles
 q - 7 atropa-tipped darts
 E - 6 curare-tipped darts (quivered)
Armour
 m - the +2 hat of the Falcon (worn) {Rampage rF- Str+2 Dex+2}
   (You found it in a Gauntlet)

   It affects your strength (+2).
   It affects your dexterity (+2).
   It makes you vulnerable to fire.
   It bestows one free step when moving towards enemies.
 O - a +0 buckler
Magical Staves
 b - an uncursed staff of air
 G - an uncursed staff of cold
Jewellery
 g - the ring "Mesuegor" (on tentacle) {rElec rPois MP+9 Str-5 Stlth+}
   (You acquired it on level 10 of the Dungeon)

   [ring of magical power]

   It affects your strength (-5).
   It insulates you from electricity.
   It protects you from poison.
   It affects your magic capacity (+9).
   It makes you more stealthy.
 h - a +4 ring of evasion (left tentacle)
 i - the ring "Mixerhen" {rElec rCorr Int-5 Dex+6}
   (You found it on level 5 of the Dungeon)

   [ring of resist corrosion]

   It affects your intelligence (-5).
   It affects your dexterity (+6).
   It insulates you from electricity.
   It provides partial protection from all sources of acid and corrosion.
 o - an uncursed amulet of guardian spirit
 r - a +6 ring of dexterity (right tentacle)
 v - an uncursed ring of positive energy
 w - a +4 ring of slaying (on tentacle)
 y - a ring of fire (on tentacle)
 A - the amulet of the Lumpy Ziggurats (around mantle) {MR+ Regen+}
   (You found it on level 3 of the Lair of Beasts)

   [amulet of regeneration]

   It affects your resistance to hostile enchantments.
   It increases your rate of regeneration.
 B - the ring "Ojiwylathre" (on tentacle) {rC+ Int+6}
   (You found it on level 8 of the Dungeon)

   [ring of protection from cold]

   It affects your intelligence (+6).
   It protects you from cold.
 D - a ring of wizardry (on tentacle)
 K - an uncursed ring of stealth
 M - a ring of see invisible (on tentacle)
 R - an uncursed amulet of regeneration {unknown}
 U - an uncursed ring of ice
Wands
 s - a wand of iceblast (9)
 H - a wand of digging (6)
 I - a wand of disintegration (14)
 J - a wand of flame (19)
 W - a wand of paralysis (10)
Scrolls
 c - 2 scrolls of amnesia
 d - 5 scrolls of enchant armour
 e - a scroll of random uselessness
 f - 21 scrolls of identify
 k - 12 scrolls of remove curse
 p - 5 scrolls of teleportation
 t - 2 scrolls of fear
 x - a scroll of enchant weapon
 F - 5 scrolls of fog
 T - 5 scrolls of immolation
 X - 2 scrolls of blinking
Potions
 j - 12 potions of curing
 l - a potion of mutation
 u - 4 potions of haste
 z - 4 potions of brilliance
 L - 2 potions of berserk rage
 N - 4 potions of lignification
 P - 3 potions of might
 Q - 2 potions of heal wounds
 Z - a potion of flight


   Skills:
 + Level 5.1 Fighting
 + Level 9.1 Short Blades
 + Level 0.8 Staves
 + Level 0.7 Throwing
 * Level 11.4 Dodging
 + Level 13.5 Stealth
 + Level 4.1 Shields
 + Level 11.1 Spellcasting
 + Level 9.4 Conjurations
 + Level 4.1 Translocations
 + Level 11.1 Fire Magic
 * Level 4.5 Air Magic
 - Level 5.0 Invocations
 + Level 0.5 Evocations


You had 2 spell levels left.
You knew the following spells:

 Your Spells              Type           Power        Failure   Level
a - Foxfire               Conj/Fire      ####         1%          1
b - Conjure Flame         Conj/Fire      #######.     1%          3
c - Inner Flame           Hex/Fire       ######..     1%          3
d - Sticky Flame          Conj/Fire      #######.     1%          4
e - Fireball              Conj/Fire      #######...   1%          5
f - Iskenderun's Battles  Conj           ######..     1%          5
g - Shock                 Conj/Air       ####         1%          1
h - Lightning Bolt        Conj/Air       ######....   2%          5
i - Blink                 Tloc           N/A          1%          2
j - Conjure Ball Lightni  Conj/Air       ######....   13%         6

Your spell library contained the following spells:

 Spells                   Type           Power        Failure   Level
 Beastly Appendage        Tmut           ###...       1%          1
 Corona                   Hex            ###....      1%          1
 Pain                     Necr           ###.         1%          1
 Corpse Rot               Necr/Air       N/A          1%          2
 Wereblood                Tmut           ###.....     2%          2
 Dazzling Flash           Conj/Hex       #####.       1%          3
 Gell's Gravitas          Tloc           #####.....   1%          3
 Lesser Beckoning         Tloc           #####.....   1%          3
 Teleport Other           Tloc           #####...     1%          3
 Passage of Golubria      Tloc           N/A          2%          4
 Confusing Touch          Hex            ###.....     4%          3
 Spider Form              Tmut/Pois      ###.......   4%          3
 Vampiric Draining        Necr           ###.......   4%          3
 Summon Lightning Spire   Summ/Air       ####....     6%          4
 Cause Fear               Hex            ###.......   16%         4
 Ice Form                 Ice/Tmut       ###.....     16%         4
 Silence                  Hex/Air        ####......   16%         5
 Blade Hands              Tmut           ###.......   38%         5
 Yara's Violent Unravell  Hex/Tmut       ###.......   38%         5
 Spellforged Servitor     Conj/Summ      #####.....   86%         7
 Simulacrum               Ice/Necr       ###.......   90%         6
 Summon Greater Demon     Summ           ###.......   100%        7
 Borgnjor's Revivificati  Necr           ###.......   100%        8
 Discord                  Hex            ###.......   100%        8
 Necromutation            Tmut/Necr      ###.......   100%        8


Dungeon Overview and Level Annotations

Branches:
Dungeon (11/15)            Temple (0/1) D:7            Lair (6/6) D:11
  Swamp (2/4) Lair:3       Spider (0/4) Lair:2        Slime (0/5) Lair:5
    Orc (1/2) D:10          Sewer (visited)         Ossuary (visited)
Volcano (visited)         Gauntlet (visited)

Altars:
Ashenzari
Cheibriados
Dithmenos
Fedhas
Gozag
Kikubaaqudgha
Makhleb
Nemelex Xobeh
Qazlal
Sif Muna
Uskayaw
Xom
Yredelemnul
Zin

Shops:
D:7 ?

Annotations:
Orc:1 Erolcha


Innate Abilities, Weirdness & Mutations

You cannot wear most types of armour.
You are very stealthy in the water. (Stealth+)
You are amphibious.
You can wear up to eight rings at the same time.
You can use your tentacles to constrict eight enemies at once.
Your skin changes colour to match your surroundings (Stealth+).
Your rubbery body absorbs attacks. (AC +1, EV +1)
You are partially covered in rugged brown scales. (AC +1, +3% HP)
Your magical capacity is low. (-10% MP)
You are robust. (+10% HP)


Message History

The bunyip is covered in liquid flames!
The flames covering the bunyip go out.
The bunyip stops burning.
The bunyip claws you!! The bunyip completely misses you. The bunyip misses you.
A spriggan rider comes into view. It is wielding a +0 spear.
Casting: Sticky Flame (safe; 1% risk of failure)
Confirm with . or Enter, or press ? or * to list all spells.
Aiming: Sticky Flame (safe; 1% risk of failure)
Press: ? - help, Shift-Dir - straight line, f/p - bunyip
Aim: a bunyip (severely wounded, 0% to evade)
You feel a surge of power!
The sticky flame hits the bunyip!
The bunyip is almost dead.
The bunyip is covered in liquid flames!
The spriggan rider shouts!
The flames covering the bunyip go out.
The bunyip stops burning.
You hit the bunyip but do no damage. You squeeze the bunyip!
The bunyip is almost dead.
The bunyip claws you!!! The bunyip claws you!!
* * * LOW HITPOINT WARNING * * *
The bunyip claws you!
You die...

. ≈..≈...♣
≈≈ .≈≈≈.≈.
≈§≈≈ ≈≈≈.?
≈≈≈.♣♣≈≈≈♣♣
≈..≈♣.≈..♣
♣.§))§♣ ≈
♣♣.≈≈≈♣
≈.♣≈≈≈§♣♣
≈≈..≈§.@♣♣
.≈i≈..§x§§♣
≈≈≈≈.≈≈≈§♣♣
≈≈≈....§.♣♣
♣♣≈≈...≈≈<♣
..≈≈≈.≈≈≈.♣
...≈≈§....♣
...≈§§≈...♣
....≈≈(..♣


You could see a bunyip and a spriggan rider.

Vanquished Creatures
  Rupert (Lair:6)
  An entropy weaver (Gauntlet)
  A minotaur (Gauntlet)
  2 catoblepae
  6 hydras
  Erica (D:9)
  A dancing weapon (Volcano)
  2 two-headed ogres
  A death scarab (Gauntlet)
  Nergalle (Lair:3)
  4 spriggans (Swamp:2)
  Sonja (Lair:6)
  2 unseen horrors (D:10)
  A swamp dragon (Swamp:1)
  A spriggan druid (Swamp:2)
  5 wizards (Volcano)
  An orb spider (Lair:2)
  An ugly thing (D:11)
  4 oklob plants (Lair:5)
  A wolf spider (Gauntlet)
  5 toenail golems (Volcano)
  A molten gargoyle (Lair:2)
  5 elephants
  4 black mambas
  A torpor snail (Lair:4)
  27 cane toads
  A gargoyle (Gauntlet)
  8 komodo dragons
  A kobold demonologist (D:11)
  5 rime drakes
  4 polar bears
  A jumping spider (Gauntlet)
  A troll (D:11)
  6 tyrant leeches
  5 dream sheep (Lair:4)
  4 hornets
  34 blink frogs
  3 wyverns
  A wraith (Ossuary)
  25 yaks
  5 basilisks
  A spectral komodo dragon (Gauntlet)
  2 steam dragons
  10 vampire mosquitoes
  2 soldier ants (D:11)
  5 swamp worms
  Duvessa (D:4)
  27 water moccasins
  A swamp drake (Swamp:1)
  A hornet zombie (D:7)
  3 sky beasts
  4 black bears
  3 orc warriors
  An ice beast (D:9)
  11 wolves
  4 centaurs
  3 ogres
  3 big kobolds
  29 bullfrogs
  A gnoll sergeant (D:7)
  Dowan (D:4)
  4 scorpions
  13 killer bees
  5 electric eels
  2 vampire bats (D:8)
  7 wights
  3 howler monkeys (D:9)
  A bullfrog zombie (D:11)
  2 centaur zombies
  A lava snake (Lair:2)
  3 quasits
  14 jellies
  3 orc priests
  2 centaur skeletons
  8 hounds
  A bullfrog skeleton (D:11)
  4 iguanas
  Jessica (D:4)
  9 worker ants
  8 orc wizards
  2 hound skeletons
  2 mummies
  2 worker ant zombies
  Robin (D:2)
  2 howler monkey skeletons
  5 gnolls
  10 adders
  5 river rats (D:4)
  4 shadow imps
  3 white imps
  An ufetubus (D:7)
  10 oozes
  7 worms
  2 dart slugs (D:1)
  9 leopard geckos
  30 orcs
  7 ball pythons
  8 bats
  5 bat skeletons (D:8)
  17 giant cockroaches
  12 goblins
  7 hobgoblins
  10 jackals
  9 kobolds
  5 quokkas
  10 frilled lizards
  4 gnoll skeletons (Ossuary)
  8 kobold skeletons (Ossuary)
  A kobold zombie (D:6)
  13 orc skeletons (Ossuary)
  An orc zombie (D:6)
  12 rats
  A bush (Lair:4)
614 creatures vanquished.

Vanquished Creatures (collateral kills)
  9 foxfires
9 creatures vanquished.

Vanquished Creatures (others)
  A soldier ant (D:11)
  6 ball lightnings (Swamp:1)
  A bush (Lair:2)
  A demonic plant (Gauntlet)
  1201 foxfires
  69 fungi
  137 plants
1416 creatures vanquished.

Grand Total: 2039 creatures vanquished

Notes
Turn   | Place    | Note
-------+----------+-------------------------------------------
     0 | D:1      | Conn the Octopode Fire Elementalist began the quest for the
                  | Orb.
     0 | D:1      | Reached XP level 1. HP: 11/11 MP: 3/3
   123 | D:1      | Reached XP level 2. HP: 17/17 MP: 0/5
   341 | D:1      | Reached XP level 3. HP: 21/21 MP: 3/6
   366 | D:1      | Learned a level 3 spell: Conjure Flame
  1121 | D:2      | Reached XP level 4. HP: 27/27 MP: 3/7
  1540 | D:2      | Noticed Robin
  1649 | D:2      | Reached skill level 3 in Stealth
  1665 | D:2      | Found a shadowy altar of Dithmenos.
  1828 | D:2      | Killed Robin
  1872 | D:3      | Found a shadowy altar of Dithmenos.
  1960 | D:3      | Found a sparkling altar of Nemelex Xobeh.
  2083 | D:3      | Reached skill level 1 in Short Blades
  2083 | D:3      | Reached XP level 5. HP: 17/32 MP: 4/9
  2716 | D:3      | Found a shimmering altar of Xom.
  2814 | D:3      | Learned a level 3 spell: Inner Flame
  2834 | D:4      | Noticed Duvessa
  2837 | D:4      | Noticed Dowan
  2852 | D:4      | Killed Duvessa
  2853 | D:4      | Reached skill level 1 in Fighting
  2853 | D:4      | Reached XP level 6. HP: 22/38 MP: 10/10
  2859 | D:4      | Killed Dowan
  2860 | D:4      | Reached skill level 4 in Stealth
  3138 | D:4      | Reached XP level 7. HP: 42/43 MP: 11/11
  3166 | D:4      | Noticed Jessica
  3173 | D:4      | Killed Jessica
  3176 | D:4      | Found a shimmering blue altar of Sif Muna.
  3184 | D:4      | Became a worshipper of Sif Muna the Loreminder
  3272 | D:4      | Reached skill level 5 in Stealth
  3444 | D:4      | Found a glowing drain.
  3450 | Sewer    | Entered a sewer
  3580 | Sewer    | Learned a level 4 spell: Sticky Flame
  3659 | Sewer    | Reached * piety under Sif Muna
  4046 | Sewer    | Reached XP level 8. HP: 48/48 MP: 0/13
  4394 | D:5      | Entered Level 5 of the Dungeon
  4501 | D:5      | Found a stormy altar of Qazlal.
  4503 | D:5      | Noticed a water elemental
  4503 | D:5      | Noticed an air elemental
  4602 | D:5      | Reached skill level 1 in Invocations
  4893 | D:5      | Got a brightly glowing copper ring
  4955 | D:5      | Identified the ring "Mixerhen" {rElec rCorr Int-5 Dex+6}
                  | (You found it on level 5 of the Dungeon)
  5059 | D:6      | Reached skill level 6 in Stealth
  5328 | D:6      | Found a sand-covered staircase.
  5333 | Ossuary  | Entered an ossuary
  5333 | Ossuary  | Noticed a wraith
  5333 | Ossuary  | Noticed a wraith
  5333 | Ossuary  | Noticed a wraith
  5347 | Ossuary  | Reached ** piety under Sif Muna
  5731 | Ossuary  | Noticed a wraith
  5775 | Ossuary  | Killed a wraith
  5776 | Ossuary  | Reached skill level 5 in Dodging
  5965 | D:6      | Found a burning altar of Makhleb.
  5967 | D:6      | Found a glowing silver altar of Zin.
  6199 | D:6      | Found a broken altar of Ashenzari.
  6346 | D:7      | Reached skill level 5 in Fire Magic
  6477 | D:7      | Reached XP level 9. HP: 54/54 MP: 11/15
  6658 | D:7      | Reached skill level 7 in Stealth
  6968 | D:7      | Found a shimmering altar of Xom.
  7065 | D:7      | Reached *** piety under Sif Muna
  7130 | D:7      | Found a staircase to the Ecumenical Temple.
  7266 | D:7      | Found Xopp's Magic Scroll Shop.
  7269 | D:7      | Bought a scroll of blinking for 97 gold pieces
  7599 | D:7      | Found an opulent altar of Gozag.
  7739 | D:8      | Noticed a two-headed ogre
  7771 | D:8      | Killed a two-headed ogre
  7772 | D:8      | Reached skill level 5 in Short Blades
  7772 | D:8      | Reached skill level 8 in Stealth
  7939 | D:8      | Got a flickering bronze ring
  7941 | D:8      | Identified the ring "Ojiwylathre" {rC+ Int+6} (You found it
                  | on level 8 of the Dungeon)
  7987 | D:8      | Found a blossoming altar of Fedhas.
  8053 | D:8      | Reached XP level 10. HP: 55/60 MP: 0/17
  8349 | D:8      | Reached skill level 5 in Spellcasting
  8575 | D:8      | Found an ancient bone altar of Kikubaaqudgha.
  9121 | D:8      | Learned a level 5 spell: Fireball
  9142 | D:9      | Reached **** piety under Sif Muna
  9143 | D:9      | Reached skill level 9 in Stealth
  9232 | D:9      | Reached skill level 5 in Conjurations
  9345 | D:9      | Noticed Erica
  9358 | D:9      | Killed Erica
  9359 | D:9      | Reached skill level 5 in Invocations
  9471 | D:9      | Found a hide-covered altar of Uskayaw.
  9471 | D:9      | Noticed a two-headed ogre
  9841 | D:9      | Killed a two-headed ogre
  9842 | D:9      | Reached XP level 11. HP: 66/66 MP: 9/19
 10289 | D:9      | Found a snail-covered altar of Cheibriados.
 10289 | D:9      | Found a basalt altar of Yredelemnul.
 10440 | D:10     | Entered Level 10 of the Dungeon
 10477 | D:10     | Paralysed by a hornet for 1 turns
 10485 | D:10     | Reached skill level 10 in Stealth
 10597 | D:10     | Found a staircase to the Orcish Mines.
 10641 | D:10     | Noticed an unseen horror
 10647 | D:10     | Killed an unseen horror
 10944 | D:10     | Noticed an unseen horror
 10947 | D:10     | Killed an unseen horror
 11594 | Orc:1    | Entered Level 1 of the Orcish Mines
 11595 | Orc:1    | Noticed Erolcha
 11748 | D:11     | Found a shimmering altar of Xom.
 11751 | D:11     | Noticed a brown ugly thing
 11752 | D:11     | Noticed a fire dragon
 12020 | D:11     | Reached ***** piety under Sif Muna
 12153 | D:11     | Killed a brown ugly thing
 12360 | D:11     | Reached skill level 11 in Stealth
 12489 | D:11     | Found a staircase to the Lair.
 13118 | D:10     | Identified a scroll of acquirement
 13118 | D:10     | Acquired the ring "Mesuegor" {rElec rPois MP+9 Str-5
                  | Stlth+}
 13280 | Lair:1   | Entered Level 1 of the Lair of Beasts
 13371 | Lair:1   | Noticed a seven-headed hydra
 13981 | Lair:1   | Reached XP level 12. HP: 72/72 MP: 22/22
 14044 | Lair:1   | Identified Sif Muna's Collected Works on Ghastly Arcane
                  | Weapons (Sif Muna gifted it to you on level 1 of the Lair
                  | of Beasts)
 14044 | Lair:1   | Received a gift from Sif Muna
 14052 | Lair:1   | Learned a level 5 spell: Iskenderun's Battlesphere
 14054 | Lair:1   | Learned a level 1 spell: Shock
 14903 | Lair:2   | Reached skill level 1 in Air Magic
 14918 | Lair:1   | Gained mutation: You are partially covered in rugged brown
                  | scales. (AC +1, +3% HP) [potion of mutation]
 14918 | Lair:1   | Gained mutation: Your magical capacity is low. (-10% MP)
                  | [potion of mutation]
 14918 | Lair:1   | Gained mutation: You are robust. (+10% HP) [potion of
                  | mutation]
 15828 | Lair:2   | Noticed a four-headed hydra
 15835 | Lair:2   | Killed a four-headed hydra
 15852 | Lair:2   | Killed a seven-headed hydra
 16588 | Lair:2   | Found a hole to the Spider Nest.
 16674 | Lair:2   | Learned a level 5 spell: Lightning Bolt
 16970 | Lair:3   | Reached XP level 13. HP: 75/89 MP: 9/22
 17383 | Lair:3   | Got a scorched ruby amulet
 17394 | Lair:3   | Identified the amulet of the Lumpy Ziggurats {MR+ Regen+}
                  | (You found it on level 3 of the Lair of Beasts)
 17510 | Lair:3   | Reached skill level 12 in Stealth
 17689 | Lair:3   | You fall into a shaft and drop 1 floor!
 17744 | Lair:4   | Reached skill level 10 in Dodging
 18125 | Lair:4   | Found a dark tunnel.
 18132 | Volcano  | Entered a volcano
 18213 | Volcano  | Identified Ceobi's Grimoire of the Voyage and Lightness
                  | (Sif Muna gifted it to you in a volcano)
 18213 | Volcano  | Received a gift from Sif Muna
 19733 | Lair:5   | Reached XP level 14. HP: 84/97 MP: 16/24
 20420 | Lair:5   | Found a staircase to the Slime Pits.
 20472 | Lair:5   | Reached skill level 10 in Fire Magic
 20709 | Lair:5   | Reached skill level 10 in Spellcasting
 20715 | Lair:5   | Got a shimmering dagger
 20716 | Lair:5   | Identified the +10 dagger of Zeissiucw {venom, rElec Dex+2}
                  | (You found it on level 5 of the Lair of Beasts)
 20733 | Lair:5   | Learned a level 2 spell: Blink
 20752 | Lair:5   | Reached XP level 15. HP: 101/101 MP: 18/26
 21223 | Lair:3   | Noticed Nergalle
 21237 | Lair:3   | Killed Nergalle
 21310 | Lair:3   | Found a staircase to the Swamp.
 21609 | Lair:6   | Entered Level 6 of the Lair of Beasts
 21618 | Lair:6   | Noticed Rupert
 21633 | Lair:6   | Found a gate leading to a gauntlet.
 21635 | Lair:6   | Killed Rupert
 21655 | Gauntlet | Entered a Gauntlet
 21655 | Gauntlet | Found a transporter.
 21655 | Gauntlet | Found a transporter.
 21657 | Gauntlet | Found a runed translucent door.
 21658 | Gauntlet | Found a transporter.
 21673 | Gauntlet | Found a transporter.
 21681 | Gauntlet | Found a transporter.
 21685 | Gauntlet | Found a transporter.
 21689 | Gauntlet | Found a runed translucent door.
 21689 | Gauntlet | Found a runed translucent door.
 21693 | Gauntlet | Found a transporter.
 21710 | Gauntlet | Found a transporter.
 21725 | Gauntlet | Found a transporter.
 21729 | Gauntlet | Found a transporter.
 21745 | Gauntlet | Found a transporter.
 21749 | Gauntlet | Found a transporter.
 22029 | Gauntlet | Got a heavily runed hat
 22039 | Gauntlet | Reached skill level 13 in Stealth
 22203 | Gauntlet | Identified the +2 hat of the Falcon {Rampage rF- Str+2
                  | Dex+2} (You found it in a Gauntlet)
 22223 | Gauntlet | Got a brightly glowing lajatang
 22226 | Gauntlet | Identified the +5 lajatang of Terra Nullius {speed, +Rage
                  | rC- Int+3 Dex+3} (You found it in a Gauntlet)
 22790 | Lair:6   | Reached skill level 5 in Fighting
 22801 | Lair:6   | Identified Sif Muna's Handbook of Stolen Souls and Illusion
                  | (Sif Muna gifted it to you on level 6 of the Lair of
                  | Beasts)
 22801 | Lair:6   | Received a gift from Sif Muna
 23094 | Lair:6   | Noticed Sonja
 23096 | Lair:6   | Killed Sonja
 23122 | Lair:6   | Learned a level 6 spell: Conjure Ball Lightning
 23336 | Lair:6   | Identified the Incunabulum of Execration
 24360 | Swamp:1  | Entered Level 1 of the Swamp
 24923 | Swamp:2  | Reached XP level 16. HP: 110/110 MP: 28/28
 24943 | Swamp:2  | Slain by a bunyip

Illustrated notes

Levels and vault maps discovered:
D:1:      minmay_arrival_solitary_statue, layout_basic, serial_bayou_lake_a
D:2:      layout_rooms, lemuel_coloured_pillars_altar, uniq_robin
D:3:      layout_loops_ring, nemelex_xobeh_ov_fountains_minmay,
          marbit_many_paths, grunt_dithmenos_smoke
D:4:      layout_loops_ring, tgw_sif, portal_sewer_entry_e,
          minmay_misc_feat_tiny, minmay_quantized, uniq_duvessa
D:5:      layout_loops_cross, nicolae_qazlal_style_of_elements
D:6:      layout_loops_ring, minitemple, nicolae_ossuary_entry_giza,
          minmay_misc_feat_chi, hangedman_decor_lopped
D:7:      layout_cave_pods, nicolae_gozag_cash_rules_everything_around_me,
          minmay_temple_entry_tees, serial_shops, kennysheep_mini, basic_altar,
          minmay_misc_feat_cross, lightli_orcish_oven
D:8:      layout_loops_ring, kennysheep_vampire_church, basic_altar
D:9:      layout_stronghold, eat_drink_and_be_merry_uskayaw,
          gammafunk_temple_overflow_elements, minmay_circle_x, uniq_erica
D:10:     minmay_general_purpose_star, layout_rooms, orc_0_dummy,
          grunt_ministairs_8
D:11:     layout_cave_pools, minmay_lair_entry_lava, xom_confusion_cloud
Lair:1:   layout_loops_ring, grunt_megastairs_3
Lair:2:   beast_lair_carwin_large_1, layout_gridlike,
          nicolae_spider_entry_orb_guardian, infiniplex_staircase_pool_2
Lair:3:   layout_chaotic_city, minmay_swamp_entry_worms, uniq_nergalle
Lair:4:   layout_loops_ring, enter_volcano_2, nzn_random_ring
Lair:5:   layout_regular_city, minmay_slime_entry_jelly_boxes, minivault_23,
          minmay_lair_oklob_chamber, infiniplex_staircase_pool
Lair:6:   minmay_lair_end_frog_pond, layout_small_grid, gauntlet_entry_generic,
          uniq_rupert, uniq_sonja
Swamp:1:  layout_basic_swamp, wheals_swamp_sinkhole
Swamp:2:  layout_basic_swamp, hangedman_swamp_blocks, swamp_pool5,
          cheibrodos_swamp_minitomb
Orc:1:    layout_caves, trog_book, uniq_urug, uniq_gastronok, uniq_erolcha

Skill      XL: |  1  2  3  4  5  6  7  8  9 10 11 12 13 14 15 |
---------------+----------------------------------------------+-----
Fire Magic     | 4 5 6 7 8 9 10 11 | 11.1
Stealth        | 3 4 5 6 8 9 11 12 13 | 13.5
Short Blades   | 1 2 3 4 5 6 7 8 9 |  9.1
Conjurations   | 2 3 4 5 6 7 8 9 |  9.4
Fighting       | 1 2 3 4 5 |  5.1
Dodging        | 3 4 5 6 7 8 9 10 11 | 11.4
Spellcasting   | 3 4 5 7 8 9 10 11 | 11.1
Invocations    | 2 4 5 |  5.0
Air Magic      | 3 4 |  4.5
Shields        | 4 |  4.1
Translocations | 4 |  4.1
Staves         | |  0.8
Throwing       | |  0.7
Evocations     | |  0.5

Action                   |  1- 3 |  4- 6 |  7- 9 | 10-12 | 13-15 | 16-18 || total
-------------------------+-------+-------+-------+-------+-------+-------++-------
Melee: Dagger            |    14 |       |       |       |   154 |     4 ||   172
       Constrict         |     3 |    25 |    39 |    63 |    50 |       ||   180
       Tentacles         |     3 |    23 |    47 |   119 |   111 |     1 ||   304
       Short sword       |       |   121 |   171 |   325 |   212 |       ||   829
       Staff             |       |       |       |       |     9 |       ||     9
Throw: Dart              |       |       |     1 |     1 |    10 |       ||    12
 Cast: Foxfire           |    39 |    35 |   180 |   218 |   217 |     2 ||   691
       Conjure Flame     |       |       |     6 |     6 |     3 |       ||    15
       Sticky Flame      |       |       |     1 |    50 |    70 |     2 ||   123
       Fireball          |       |       |       |    13 |    46 |     4 ||    63
       Inner Flame       |       |       |       |     1 |       |       ||     1
       Iskenderun's Batt |       |       |       |     1 |     5 |       ||     6
       Shock             |       |       |       |       |     6 |       ||     6
       Lightning Bolt    |       |       |       |       |     3 |       ||     3
       Conjure Ball Ligh |       |       |       |       |     2 |       ||     2
Invok: Channel Magic     |       |       |       |       |     1 |       ||     1
Evoke: Wand              |       |       |     1 |     1 |     3 |       ||     5
  Use: Potion            |       |     2 |     9 |     6 |     5 |       ||    22
       Scroll            |       |       |     9 |    11 |     6 |       ||    26
 Stab: Sleeping          |     2 |     3 |    16 |    17 |    22 |     2 ||    62
       Invisible         |       |       |     1 |       |       |       ||     1
       Distracted        |       |       |       |     2 |     4 |       ||     6
       Petrified         |       |       |       |       |     7 |       ||     7
       Petrifying        |       |       |       |       |     1 |       ||     1
Armor: Skin              |       |    17 |    21 |    32 |    24 |       ||    94
Dodge: Dodged            |    22 |   138 |   165 |   480 |   441 |     5 ||  1251

Table legend: (Time is in decaauts)
 A = Elapsed time spent in this place.
 B = Non-inter-level travel time spent in this place.
 C = Inter-level travel time spent in this place.
 D = Time resting spent in this place.
 E = Time spent auto-exploring this place.
 F = Levels seen in this place.
 G = Mean time per level.
                   A        B        C        D        E       F      G
               +--------+--------+--------+--------+--------+-----+--------+
         Total |  24623 |  23876 |    747 |   5466 |   9708 |  24 | 1026.0 |
       Dungeon |  11948 |  11557 |    391 |   2325 |   5273 |  11 | 1086.2 |
          Lair |   9744 |   9403 |    341 |   2204 |   4193 |   6 | 1624.0 |
         Swamp |    572 |    558 |     14 |    102 |    236 |   2 |  286.0 |
  Orcish Mines |      5 |      5 |      0 |      0 |      0 |   1 |    5.0 |
         Sewer |    702 |    702 |      0 |    357 |      6 |   1 |  702.0 |
       Ossuary |    524 |    524 |      0 |    250 |      0 |   1 |  524.0 |
       Volcano |    524 |    524 |      0 |    194 |      0 |   1 |  524.0 |
      Gauntlet |    599 |    599 |      0 |     34 |      0 |   1 |  599.0 |
               +--------+--------+--------+--------+--------+-----+--------+

Top non-repeatable levels by time:
  Lair:2: 1973 daAuts
  Lair:1: 1830 daAuts
    D:10: 1829 daAuts
  Lair:6: 1793 daAuts
     D:7: 1565 daAuts
  Lair:5: 1545 daAuts
  Lair:4: 1495 daAuts
     D:8: 1292 daAuts
     D:9: 1262 daAuts
  Lair:3: 1105 daAuts
     D:1: 1058 daAuts
    D:11: 963 daAuts
     D:3: 946 daAuts
     D:4: 876 daAuts
     D:2: 812 daAuts
